 Dungeon Crawl Stone Soup version 0.20.0-8-g6b59dc7 (webtiles) character file.

79611 MDvedh the Executioner (level 14, -1/132 HPs)
             Began as a Minotaur Chaos Knight on May 31, 2017.
             Slain by Saint Roka
             ... wielding a +0 great sword of freezing
              (7 damage)
             ... on level 2 of the Orcish Mines.
             The game lasted 00:53:10 (26063 turns).

MDvedh the Executioner (Minotaur Chaos Knight)     Turns: 26063, Time: 00:53:11

Health: -1/132     AC: 23    Str: 25    XL:     14   Next: 79%
Magic:  22/22      EV:  9    Int: 11    God:
Gold:   495        SH:  4    Dex: 10    Spells: 13/13 levels left

rFire    + . .     SeeInvis .   R - +7 executioner's axe (chop)
rCold    . . .     Gourm    .   (shield currently unavailable)
rNeg     . . .     Faith    .   T - +0 plate armour
rPois    .         Spirit   .   (helmet unavailable)
rElec    .         Reflect  .   n - +1 cloak
rCorr    .         Harm     .   S - +2 pair of gloves of the Bard {-Cast +Inv MP+9 Int+2}
MR       ++...     NoCast   +   (boots unavailable)
Stlth    ..........             (no amulet)
Regen    0.4/turn               d - ring of stealth
MPRegen  0.2/turn               O - ring of Tecwuck {rF+ MR+}

@: mighty, hasted, drained, very quick
A: retaliatory headbutt, claws 2, hooves 3, horns 3, large bone plates 1, molten
scales 1, screaming 1, weak 1
}: 1/15 runes: abyssal
a: Evoke Invisibility


You were on level 2 of the Orcish Mines.
You were not hungry.

You visited 3 branches of the dungeon, and saw 20 of its levels.
You visited the Abyss 2 times.
You also visited: Labyrinth, Sewer and Volcano.

You collected 2223 gold pieces.
You spent 1728 gold pieces at shops.

Inventory:

Hand Weapons
 a - a +0 battleaxe of chopping
 b - a +3 scimitar of flaming
 g - a +1 demon blade of flaming
 j - a +4 hand axe of draining
 u - the +7 fustibalus of the Lesser Evil {venom, Dex+6}
   (You acquired it on level 5 of the Dungeon)

   It poisons the ammo it fires.
   It affects your dexterity (+6).
 R - a +7 executioner's axe of chopping (weapon)
Missiles
 N - 100 sling bullets
Armour
 n - a +1 cloak (worn)
 H - a +2 pair of boots
 S - the +2 pair of gloves of the Bard (worn) {-Cast +Inv MP+9 Int+2}
   (You found it in a labyrinth)

   It affects your intelligence (+2).
   It affects your magic capacity (+9).
   It lets you turn invisible.
   It prevents spellcasting.
 T - a +0 plate armour (worn)
Jewellery
 d - a ring of stealth (left hand)
 k - an uncursed ring of ice
 l - an uncursed ring of positive energy {unknown}
 m - an uncursed ring of fire
 o - an uncursed ring of protection from fire {unknown}
 O - the ring of Tecwuck (right hand) {rF+ MR+}
   (Xom gifted it to you on level 8 of the Dungeon)

   [ring of protection from magic]

   It protects you from fire.
   It affects your resistance to hostile enchantments.
Wands
 q - a wand of digging (8/24)
 M - a wand of digging (14/24)
Scrolls
 f - a scroll of identify
 h - 4 scrolls of remove curse
 s - a scroll of magic mapping
 v - 3 scrolls of enchant weapon
 y - 3 scrolls of recharging
 B - 3 scrolls of fog
 J - 2 scrolls of summoning
 Q - 2 scrolls of enchant armour
 U - 4 scrolls of fear
Potions
 e - 4 potions of agility
 i - a potion of berserk rage
 r - 2 potions of heal wounds
 t - a potion of ambrosia
 x - 3 potions of brilliance
 z - 4 potions of curing
 A - a potion of haste
 C - a potion of might
 D - 3 potions of lignification
 F - 3 potions of mutation
 G - a potion of magic
 P - 2 potions of flight
 Y - a potion of invisibility
Comestibles
 c - 3 bread rations
 p - 8 royal jellies
 K - 4 meat rations
 L - 7 fruits


   Skills:
 + Level 14.3(13.0) Fighting
 * Level 22.2(20.8) Axes
 - Level 12.4(11.3) Armour
 - Level 5.5(4.5) Dodging


You had 13 spell levels left.
You didn't know any spells.

Dungeon Overview and Level Annotations

Branches:
Dungeon (12/15)            Temple (0/1) D:4            Lair (6/6) D:11
 Shoals (0/4) Lair:3       Spider (0/4) Lair:4        Slime (0/5) Lair:5
    Orc (2/2) D:12            Elf (0/3) Orc:2

Altars:
Ashenzari
Dithmenos
Fedhas
Hepliaklqana
Kikubaaqudgha
Nemelex Xobeh
Qazlal
Ru
Trog
Xom
Zin
The Shining One
Beogh
Jiyva

Shops:
D:6 !   D:8 *   D:12 *[=   Orc:2 !

Annotations:
Lair:3 exclusion: 2 oklob plants
Lair:5 exclusion: oklob plant
Orc:2 Saint Roka


Innate Abilities, Weirdness & Mutations

You reflexively headbutt those who attack you in melee.
You have a pair of large horns on your head.
You have very sharp fingernails.
You have hooves in place of feet.
You are partially covered in large bone plates. (SH +4)
You are partially covered in molten scales. (AC +2)
You occasionally shout uncontrollably at your foes.
You are weak. (Str -2)


Message History

You hit the hellwing. You slice the orc sorcerer!!
You kill the orc sorcerer!
The red devil disappears in a puff of smoke!
The hellwing disappears in a puff of smoke!
The rust devil disappears in a puff of smoke!
You slash Saint Roka! You headbutt Saint Roka!!
Saint Roka is severely wounded.
Saint Roka hits you with a great sword of freezing!
* * * LOW HITPOINT WARNING * * *
Saint Roka freezes you.
* * * LOW HITPOINT WARNING * * *
Unknown command.
You barely miss Saint Roka. Your kick misses Saint Roka.
You headbutt Saint Roka!!
Saint Roka is severely wounded.
Saint Roka hits you with a great sword of freezing!!
* * * LOW HITPOINT WARNING * * *
Saint Roka freezes you!
You die...
Xom howls with laughter!

≈## # ..## ##≈###8..##
#≈≈#_.....###
#≈.#........§
#≈.8........§
#..)§.....≈§
###o@).....≈
#§#§#)###... #≈.....#
#≈..8..# ##≈....≈#
#≈≈§...≈##############
#≈§≈≈..≈≈≈§§≈≈§§§§≈≈≈≈
#≈≈§§.......§.§§§.§...
#≈§≈≈.....)))...§§....


You could see Saint Roka.

Vanquished Creatures
  Josephine (D:12)
  A minotaur (Lab)
  6 hydras
  Erica (D:9)
  A merfolk avatar (Lair:6)
  A death yak (Lair:5)
  3 two-headed ogres
  An ogre mage (Orc:2)
  4 thrashing horrors (Abyss:3)
  A hell knight (Volcano)
  An orc high priest (Orc:1)
  A salamander mystic (Volcano)
  A sea snake (Lair:6)
  10 unseen horrors
  A deep elf mage (D:11)
  A harpy (Lair:6)
  A large abomination (Abyss:3)
  8 orc sorcerers
  2 ugly things
  2 manticores
  2 cyclopes
  A worldbinder (Abyss:3)
  A cyclops (shapeshifter) (Lair:2)
  A guardian serpent (shapeshifter) (Abyss:3)
  A merfolk siren (Lair:3)
  2 salamanders (Volcano)
  Maurice (D:8)
  A fire giant skeleton (Abyss:2)
  3 centaur zombies
  2 black mambas
  A torpor snail (Lair:5)
  An elephant (Lair:6)
  9 spiny frogs
  A hellion (Abyss:3)
  An eye of devastation (Abyss:2)
  4 rime drakes (Lair:6)
  An efreet (Abyss:3)
  6 komodo dragons
  A freezing wraith (D:11)
  An ancient zyme (Abyss:3)
  A wind drake (Lair:6)
  2 trolls
  2 hornets (Lair:6)
  13 polar bears
  12 blink frogs
  A raiju (Abyss:3)
  A meliai zombie (D:12)
  4 hippogriffs
  Sigmund (D:2)
  2 water elementals
  A spriggan (D:9)
  2 shadows (Lab)
  2 small abominations (Abyss:3)
  9 wyverns
  5 wraiths
  25 yaks
  8 fire bats
  A neqoxec (Abyss:3)
  4 hungry ghosts
  6 basilisks
  A steam dragon (D:7)
  2 wargs
  2 insubstantial wisps
  5 porcupines
  10 water moccasins
  11 orc warriors
  9 black bears
  A hornet zombie (D:10)
  2 ice beasts
  5 sky beasts
  11 necrophages
  8 ogres
  5 wolves (Lair:1)
  4 centaurs
  10 crocodiles
  17 bullfrogs
  4 big kobolds
  A water moccasin skeleton (D:12)
  8 killer bees
  3 wights (D:12)
  A howler monkey (D:6)
  4 electric eels
  7 lava snakes (Volcano)
  3 crimson imps
  A quasit (D:6)
  6 hounds
  2 jellies (D:7)
  8 orc priests
  3 bullfrog skeletons
  18 orc wizards
  3 centaur skeletons
  4 iguanas
  7 worker ants
  A killer bee zombie (D:5)
  A hound skeleton (D:5)
  A mummy (D:12)
  2 worker ant zombies
  6 gnolls
  9 adders
  9 river rats
  A shadow imp (D:5)
  5 oozes
  3 worms
  4 dart slugs
  5 leopard geckos
  48 orcs
  3 bats
  7 giant cockroaches
  6 goblins
  6 hobgoblins
  A hobgoblin (shapeshifter) (D:9)
  A jackal (shapeshifter) (D:4)
  5 jackals
  5 quokkas
  14 ball pythons
  2 frilled lizards
  30 kobolds
  2 leopard gecko skeletons (D:7)
  26 rats
  2 fungi
582 creatures vanquished.

Vanquished Creatures (collateral kills)
  A two-headed ogre (D:10)
1 creature vanquished.

Vanquished Creatures (others)
  An ogre (D:7)
  An orc priest (D:7)
  A jelly (Abyss:3)
  A worker ant (D:7)
  3 orcs
  8 fungi
  2 lurking horrors (Abyss:3)
  12 plants
  A withered plant (D:12)
30 creatures vanquished.

Grand Total: 613 creatures vanquished

Notes
Turn   | Place    | Note
-------+----------+-------------------------------------------
     0 | D:1      | MDvedh the Minotaur Chaos Knight began the quest for the Orb.
     0 | D:1      | Reached XP level 1. HP: 19/19 MP: 0/0
   139 | D:1      | XOM: divination: magic mapping
   197 | D:1      | XOM: harmless Hex miscast
   202 | D:1      | Reached skill level 4 in Axes
   203 | D:1      | Reached XP level 2. HP: 23/26 MP: 1/1
   206 | D:1      | XOM: smoke on damage
   344 | D:1      | XOM: harmless Summ miscast
   488 | D:1      | XOM: smoke on damage
   489 | D:1      | Reached skill level 5 in Axes
   576 | D:2      | Reached XP level 3. HP: 25/31 MP: 2/2
   594 | D:2      | Found a hazy altar of Hepliaklqana.
   908 | D:2      | Found an ancient bone altar of Kikubaaqudgha.
   919 | D:2      | Noticed Sigmund
   934 | D:2      | Reached XP level 4. HP: 22/39 MP: 3/3
  1050 | D:2      | XOM: harmless Air miscast
  1088 | D:2      | Found a glowing golden altar of the Shining One.
  1129 | D:2      | XOM: divination: detect creatures
  1167 | D:2      | Reached skill level 6 in Axes
  1344 | D:2      | XOM: mild Necr miscast
  1347 | D:2      | Found a faded altar of an unknown god.
  1357 | D:2      | XOM: divination: magic mapping
  1429 | D:2      | Killed Sigmund
  1429 | D:2      | Reached skill level 8 in Axes
  1429 | D:2      | Reached XP level 5. HP: 44/45 MP: 4/4
  1815 | D:3      | Found a blossoming altar of Fedhas.
  1854 | D:3      | XOM: noise
  1893 | D:3      | Reached XP level 6. HP: 51/51 MP: 5/5
  2253 | D:3      | XOM: medium Ice miscast
  2444 | D:4      | Found a staircase to the Ecumenical Temple.
  2522 | D:4      | Found a stormy altar of Qazlal.
  2540 | D:4      | XOM: summons friendly ufetubus
  2542 | D:4      | Reached skill level 9 in Axes
  2625 | D:4      | XOM: divination: detect items
  2806 | D:4      | XOM: medium Tloc miscast
  2829 | D:4      | Gained mutation: Your spells are a little easier to cast, but a little less powerful. [mutagenic meat]
  2830 | D:4      | Gained mutation: You possess an exceptional clarity of mind. [mutagenic meat]
  2831 | D:4      | Gained mutation: You are partially covered in molten scales. (AC +2) [mutagenic meat]
  2939 | D:4      | Reached XP level 7. HP: 38/57 MP: 6/6
  3075 | D:4      | XOM: give mutations
  3075 | D:4      | Lost mutation: Your spells are a little easier to cast, but a little less powerful. [Xom's mischief]
  3075 | D:4      | Gained mutation: You are partially covered in slimy green scales. (AC +2) [Xom's mischief]
  3075 | D:4      | Gained mutation: You are frail. (-10% HP) [Xom's mischief]
  3259 | D:5      | Entered Level 5 of the Dungeon
  3338 | D:5      | Identified 2 scrolls of acquirement
  3340 | D:5      | Got an encrusted fustibalus
  3341 | D:5      | Identified the +7 fustibalus of the Lesser Evil {venom, Dex+6} (You acquired it on level 5 of the Dungeon)
  3467 | D:5      | Reached skill level 10 in Axes
  3611 | D:5      | XOM: 8-stop teleportation journey
  3636 | D:5      | XOM: 2-stop teleportation journey
  3907 | D:5      | Found a glowing silver altar of Zin.
  4274 | D:5      | XOM: harmless Ice miscast
  4290 | D:5      | XOM: harmless Chrm miscast
  4642 | D:6      | Found a glowing drain.
  4665 | Sewer    | Entered a sewer
  4832 | Sewer    | Reached skill level 11 in Axes
  4943 | Sewer    | XOM: blink monster(s)
  4951 | Sewer    | Reached XP level 8. HP: 44/57 MP: 7/7
  5090 | D:6      | Found a sparkling altar of Nemelex Xobeh.
  5216 | D:6      | Found a shadowy altar of Dithmenos.
  5220 | D:6      | Found a bloodstained altar of Trog.
  5295 | D:6      | Reached skill level 12 in Axes
  5299 | D:6      | Gained mutation: You have a pair of large horns on your head. [mutagenic meat]
  5300 | D:6      | Gained mutation: Your magical capacity is low. (-10% MP) [mutagenic meat]
  5301 | D:6      | Gained mutation: Armour fits poorly on your strangely shaped body. [mutagenic meat]
  5302 | D:6      | Lost mutation: Armour fits poorly on your strangely shaped body. [potion of mutation]
  5302 | D:6      | Lost mutation: You possess an exceptional clarity of mind. [potion of mutation]
  5302 | D:6      | Lost mutation: You are frail. (-10% HP) [potion of mutation]
  5302 | D:6      | Gained mutation: You have sharp toenails. [potion of mutation]
  5302 | D:6      | Gained mutation: You evolve. [potion of mutation]
  5519 | D:6      | Found Ukugurai's Distillery.
  5567 | D:6      | Bought a potion of heal wounds for 50 gold pieces
  5567 | D:6      | Bought a potion of mutation for 80 gold pieces
  5567 | D:6      | Bought a potion of magic for 80 gold pieces
  5567 | D:6      | Bought a potion of mutation for 80 gold pieces
  5586 | D:6      | XOM: harmless Hex miscast
  5602 | D:6      | XOM: summons 1 hostile shadow creature
  5861 | D:6      | XOM: 5-stop teleportation journey
  5870 | D:6      | XOM: give mutation
  5870 | D:6      | Gained mutation: You passively map a small area around you. [Xom's grace]
  5886 | D:6      | XOM: god gift: 57 gold pieces
  5963 | D:6      | Bought a potion of heal wounds for 50 gold pieces
  5963 | D:6      | Bought a potion of might for 40 gold pieces
  6073 | D:6      | XOM: 9-stop teleportation journey
  6313 | D:7      | Reached skill level 13 in Axes
  6324 | D:7      | XOM: enchant monster (good)
  6504 | D:7      | Reached XP level 9. HP: 59/70 MP: 7/7
  6580 | D:7      | XOM: summons friendly shadow imp
  6583 | D:7      | Reached skill level 14 in Axes
  6585 | D:7      | XOM: fake destruction
  6717 | D:7      | Gained mutation: You tend to lose your temper in combat. [mutagenic meat]
  6718 | D:7      | Gained mutation: You are weak. (Str -2) [mutagenic meat]
  6733 | D:7      | XOM: give mutations
  6733 | D:7      | Gained mutation: You have sharp fingernails. [Xom's grace]
  6733 | D:7      | Gained mutation: You have very sharp fingernails. [Xom's grace]
  6739 | D:7      | Noticed Joseph
  6785 | D:7      | Found a shimmering altar of Xom.
  7019 | D:7      | XOM: god gift: royal jelly
  7420 | D:7      | XOM: give mutations
  7420 | D:7      | Lost mutation: You evolve. [Xom's grace]
  7420 | D:7      | Gained mutation: You are somewhat resistant to further mutation. [Xom's grace]
  7420 | D:7      | Gained mutation: Your spells are a little harder to cast, but a little more powerful. [Xom's grace]
  7420 | D:7      | Gained mutation: Your mind is acute. (Int +2) [Xom's grace]
  7420 | D:7      | Gained mutation: You have a somewhat thin skeletal structure. (Dex +2, Stealth) [Xom's grace]
  7430 | D:7      | XOM: scenery: create altars
  7435 | D:7      | Noticed Joseph
  7435 | D:7      | Joseph changed into Joseph the water moccasin
  7435 | D:7      | XOM: polymorph Joseph -> Joseph the water moccasin
  7443 | D:7      | Killed Joseph the water moccasin
  7750 | D:8      | Found Porr's General Store.
  7754 | D:8      | Bought a scroll of summoning for 142 gold pieces
  7773 | D:8      | Noticed Maurice
  7807 | D:8      | XOM: god gift: glittering turquoise ring {god gift}
  7824 | D:8      | Killed Maurice
  7824 | D:8      | Reached skill level 15 in Axes
  7831 | D:8      | XOM: summons 3 hostile shadow creatures
  7832 | D:8      | Noticed a two-headed ogre
  8016 | D:8      | Got a glittering turquoise ring {god gift}
  8017 | D:8      | Identified the ring of Tecwuck {rF+ MR+} (Xom gifted it to you on level 8 of the Dungeon)
  8018 | D:8      | XOM: medium Tloc miscast
  8164 | D:8      | XOM: medium Fire miscast
  8237 | D:8      | XOM: torment (36/70 hp)
  8451 | D:9      | Noticed Erica
  8468 | D:9      | XOM: enchant monster (bad)
  8477 | D:9      | Killed Erica
  8477 | D:9      | Reached skill level 5 in Fighting
  8477 | D:9      | Reached XP level 10. HP: 49/81 MP: 8/8
  8733 | D:9      | Found a shattered altar of Ashenzari.
  8735 | D:9      | Noticed a two-headed ogre
  8745 | D:9      | XOM: polymorph orc -> goblin
  8752 | D:9      | XOM: harmless Erth miscast
  8755 | D:9      | Killed a two-headed ogre
  8755 | D:9      | Reached skill level 5 in Armour
  8756 | D:9      | XOM: draining
  8768 | D:9      | Lost mutation: You have sharp toenails. [potion of mutation]
  8768 | D:9      | Lost mutation: You tend to lose your temper in combat. [potion of mutation]
  8768 | D:9      | Lost mutation: You are somewhat resistant to further mutation. [potion of mutation]
  8768 | D:9      | Gained mutation: You possess an exceptional clarity of mind. [potion of mutation]
  9152 | D:9      | XOM: enchant monster (good)
  9294 | D:9      | XOM: fog
  9543 | D:9      | Found a sacrificial altar of Ru.
  9591 | D:10     | Entered Level 10 of the Dungeon
  9609 | D:10     | Reached skill level 16 in Axes
  9801 | D:10     | Noticed a two-headed ogre
  9803 | D:10     | XOM: cast spell 'Summon Hydra'
  9804 | D:10     | Killed a two-headed ogre
  9804 | D:10     | Reached skill level 5 in Dodging
 10121 | D:10     | XOM: medium Air miscast
 10465 | D:10     | XOM is BORED!
 10465 | D:10     | XOM: give mutations
 10465 | D:10     | Gained mutation: You occasionally shout uncontrollably at your foes. [Xom's mischief]
 10465 | D:10     | Lost mutation: You possess an exceptional clarity of mind. [Xom's mischief]
 10465 | D:10     | Lost mutation: You are weak. (Str -2) [Xom's mischief]
 10465 | D:10     | Lost mutation: Your spells are a little harder to cast, but a little more powerful. [Xom's mischief]
 10649 | D:11     | XOM: confuse monster(s)
 10833 | D:11     | XOM: enchant monster (bad)
 10995 | D:11     | Reached XP level 11. HP: 89/92 MP: 8/8
 11065 | D:11     | XOM: god gift: 37 gold pieces
 11183 | D:11     | XOM: harmless Summ miscast
 11231 | D:11     | Found a staircase to the Lair.
 11299 | D:11     | Gained mutation: You are somewhat resistant to further mutation. [mutagenic meat]
 11317 | D:11     | Noticed a two-headed ogre
 11326 | D:11     | XOM: divination: detect creatures
 11328 | D:11     | XOM: summons friendly shadow imp
 11331 | D:11     | XOM: mild Hex miscast
 11332 | D:11     | XOM: divination: detect creatures
 11335 | D:11     | Killed an unseen horror
 11339 | D:11     | Killed a two-headed ogre
 11339 | D:11     | XOM: cast spell 'Cause Fear'
 11369 | D:11     | Noticed a white ugly thing
 11369 | D:11     | XOM: potion effect (agility)
 11372 | D:11     | XOM: fake destruction
 11383 | D:11     | Killed a white ugly thing
 11406 | D:11     | XOM: fog
 11408 | D:11     | XOM: 8-stop teleportation journey
 11548 | D:11     | Reached skill level 17 in Axes
 11617 | D:11     | Noticed a death knight
 11627 | D:11     | XOM: cast spell 'Summon Butterflies'
 11642 | D:11     | XOM: divination: detect creatures
 11655 | D:11     | XOM: divination: detect items
 11662 | D:11     | XOM: cast spell 'Summon Butterflies'
 11693 | D:11     | XOM: harmless Tloc miscast
 11832 | D:10     | XOM: confusion (+ monsters)
 11853 | D:10     | Fell from the grace of Xom
 11915 | Lair:1   | Entered Level 1 of the Lair of Beasts
 12004 | Lair:1   | XOM: give mutation
 12004 | Lair:1   | Lost mutation: You are somewhat resistant to further mutation. [Xom's mischief]
 12405 | D:11     | XOM: give mutation
 12595 | Lair:1   | XOM: 1-stop teleportation journey
 12760 | Lair:1   | XOM: mild Erth miscast
 12960 | Lair:1   | Reached XP level 12. HP: 89/105 MP: 9/9
 13244 | Lair:1   | XOM: summons 14 hostile demons
 13270 | Lair:2   | Reached skill level 18 in Axes
 13455 | Lair:2   | XOM: mild Tloc miscast
 13588 | Lair:2   | XOM: mild Hex miscast
 13653 | Lair:2   | Noticed a six-headed hydra
 13669 | Lair:2   | Killed a one-headed hydra
 13706 | Lair:2   | Cast into level 2 of the Abyss (Xom)
 13798 | Abyss:2  | Noticed an Executioner
 13815 | Abyss:3  | Reached skill level 10 in Fighting
 13819 | Abyss:3  | Reached skill level 10 in Armour
 13828 | Abyss:3  | Reached skill level 19 in Axes
 13836 | Abyss:3  | Noticed a crystal guardian
 13836 | Abyss:3  | Noticed a great orb of eyes
 13836 | Abyss:3  | Found a corrupted altar of Lugonu.
 13840 | Abyss:3  | Got an abyssal rune of Zot
 13841 | Abyss:3  | Noticed a crystal guardian
 13845 | Abyss:3  | Noticed a great orb of eyes
 13856 | Abyss:3  | Noticed a five-headed hydra
 13856 | Abyss:3  | a great orb of eyes changed into a five-headed hydra
 13870 | Lair:2   | Escaped the Abyss
 14399 | Lair:2   | XOM: mild Erth miscast
 14594 | Lair:3   | Found a labyrinth entrance.
 14624 | Lab      | Entered a labyrinth
 14985 | Lab      | Noticed a minotaur
 14998 | Lab      | Killed a minotaur
 14998 | Lab      | Reached XP level 13. HP: 97/116 MP: 10/10
 15006 | Lab      | Got a pair of scorched gloves
 15008 | Lab      | Identified the Compendium of the Rocks
 15022 | Lab      | Identified the +2 pair of gloves of the Bard {-Cast +Inv MP+9 Int+2} (You found it in a labyrinth)
 15390 | Lair:3   | Found a staircase to the Shoals.
 15952 | Lair:4   | Found a hole to the Spider Nest.
 16712 | Lair:4   | XOM: summons 3 hostile demons
 16842 | Lair:5   | XOM: give mutations
 16842 | Lair:5   | Lost mutation: You have a pair of large horns on your head. [Xom's mischief]
 16842 | Lair:5   | Lost mutation: You passively map a small area around you. [Xom's mischief]
 17120 | Lair:5   | XOM: give mutations
 17120 | Lair:5   | Gained mutation: You have large cloven feet. [Xom's mischief]
 17120 | Lair:5   | Lost mutation: You have a somewhat thin skeletal structure. (Dex +2, Stealth) [Xom's mischief]
 17120 | Lair:5   | Lost mutation: Your mind is acute. (Int +2) [Xom's mischief]
 17120 | Lair:5   | Gained mutation: You are weak. (Str -2) [Xom's mischief]
 17786 | Lair:5   | Reached skill level 20 in Axes
 17990 | Lair:5   | Found a viscous altar of Jiyva.
 18000 | Lair:5   | Found a staircase to the Slime Pits.
 18573 | Lair:6   | Entered Level 6 of the Lair of Beasts
 19246 | Lair:6   | XOM: summons 10 hostile demons
 20099 | Lair:6   | Reached XP level 14. HP: 48/127 MP: 11/11
 20897 | D:11     | XOM: give mutations
 20897 | D:11     | Gained mutation: You have hoof-like feet. [Xom's grace]
 20897 | D:11     | Gained mutation: You have a pair of large horns on your head. [Xom's grace]
 20897 | D:11     | Gained mutation: You have hooves in place of feet. [Xom's grace]
 20897 | D:11     | Gained mutation: You are partially covered in large bone plates. (SH +4) [Xom's grace]
 21051 | D:12     | Found Janebila's Antique Armour Shoppe.
 21055 | D:12     | Bought a pair of distressingly furry gloves for 247 gold pieces
 21065 | D:12     | Identified the +1 pair of gloves of Leapfrog {Int+6} (You bought it in a shop on level 12 of the Dungeon)
 21076 | D:12     | Bought a runed chain mail for 195 gold pieces
 21178 | D:12     | Found Iregacomp's Assorted Antiques.
 21188 | D:12     | Bought a grey potion for 32 gold pieces
 21188 | D:12     | Bought 3 scrolls of identify for 216 gold pieces
 21222 | D:12     | Noticed Josephine
 21225 | D:12     | Reached skill level 21 in Axes
 21233 | D:12     | Killed Josephine
 22266 | D:12     | Found Roes's Jewellery Boutique.
 22433 | D:12     | Found a staircase to the Orcish Mines.
 22491 | Orc:1    | Entered Level 1 of the Orcish Mines
 22546 | Orc:1    | XOM: give mutations
 22546 | Orc:1    | Lost mutation: You are partially covered in slimy green scales. (AC +2) [Xom's mischief]
 22546 | Orc:1    | Lost mutation: Your magical capacity is low. (-10% MP) [Xom's mischief]
 22547 | Orc:1    | Found a roughly hewn altar of Beogh.
 22651 | Orc:1    | XOM: summons 14 hostile demons
 22841 | Orc:1    | Found a dark tunnel.
 22890 | Orc:1    | XOM: severe Tloc miscast
 22891 | Volcano  | Entered a volcano
 22891 | Volcano  | Cast into level 2 of the Abyss (the severe capriciousness of Xom)
 23083 | Abyss:3  | Noticed a purple draconian annihilator
 23287 | Abyss:3  | Found a corrupted altar of Lugonu.
 23455 | Abyss:3  | Noticed a starcursed mass
 23693 | Abyss:3  | Noticed a starcursed mass
 23713 | Abyss:3  | Noticed a reaper
 23716 | Abyss:3  | Noticed an ironheart preserver
 23721 | Volcano  | Escaped the Abyss
 24490 | Volcano  | XOM: medium Air miscast
 24683 | Volcano  | XOM: mild Ice miscast
 24698 | Volcano  | XOM: mild Tmut miscast
 25454 | Orc:2    | Entered Level 2 of the Orcish Mines
 25454 | Orc:2    | Found a staircase to the Elven Halls.
 25532 | Orc:2    | Reached skill level 22 in Axes
 25656 | Orc:2    | Found Luffejom's Distillery.
 25764 | Orc:2    | XOM: summons 5 hostile demons
 26032 | Orc:2    | Bought a potion of curing for 36 gold pieces
 26032 | Orc:2    | Bought a potion of haste for 120 gold pieces
 26032 | Orc:2    | Bought a potion of curing for 36 gold pieces
 26032 | Orc:2    | Bought a potion of berserk rage for 60 gold pieces
 26032 | Orc:2    | Bought a potion of heal wounds for 60 gold pieces
 26032 | Orc:2    | Bought a potion of heal wounds for 60 gold pieces
 26032 | Orc:2    | Bought a potion of ambrosia for 96 gold pieces
 26032 | Orc:2    | Bought a potion of might for 48 gold pieces
 26045 | Orc:2    | Found an ancient bone altar of Kikubaaqudgha.
 26045 | Orc:2    | Noticed Saint Roka
 26063 | Orc:2    | HP: 6/132 [Saint Roka/great sword of freezing (27)]
 26063 | Orc:2    | Slain by Saint Roka

Skill      XL: |  1  2  3  4  5  6  7  8  9 10 11 12 13 14 |
---------------+-------------------------------------------+-----
Axes           | 4 5 8 9 11 13 15 16 17 19 20 22 | 22.2
Fighting       | 5 7 9 11 12 14 | 14.3
Armour         | 4 6 9 11 12 | 12.4
Dodging        | 3 5 |  5.5

Action                   |  1- 3 |  4- 6 |  7- 9 | 10-12 | 13-15 || total
-------------------------+-------+-------+-------+-------+-------++-------
Melee: Hand axe          |    62 |    86 |   371 |   530 |   449 ||  1498
       Headbutt          |    10 |    11 |    70 |   124 |   189 ||   404
       Kick              |       |       |     8 |       |   118 ||   126
       Executioner's axe |       |       |       |    18 |     8 ||    26
       Scimitar          |       |       |       |     7 |    36 ||    43
       Battleaxe         |       |       |       |       |   448 ||   448
Invok: Renounce Religion |       |       |       |     1 |       ||     1
Evoke: Wand              |       |       |       |     5 |     1 ||     6
  Use: Scroll            |       |     3 |    14 |     9 |    19 ||    45
       Potion            |       |       |     2 |    14 |    17 ||    33
 Stab: Sleeping          |     2 |     2 |       |       |       ||     4
       Petrifying        |     1 |       |       |       |       ||     1
       Confused          |       |     1 |       |     2 |       ||     3
       Invisible         |       |       |       |     2 |     7 ||     9
       Distracted        |       |       |       |       |     1 ||     1
  Eat: Chunk             |       |     9 |    12 |    13 |    11 ||    45
       Meat ration       |       |       |     3 |     2 |       ||     5
       Bread ration      |       |       |       |     2 |     7 ||     9
Armor: Leather armour    |    11 |    12 |       |       |       ||    23
       Scale mail        |       |    15 |   140 |     1 |       ||   156
       Plate armour      |       |       |       |   373 |   633 ||  1006
       Skin              |       |       |       |       |    15 ||    15
Dodge: Dodged            |    26 |    45 |   154 |   192 |   318 ||   735
Block: Other             |       |       |       |       |    63 ||    63
       Rpst.: Scimitar   |       |       |       |     1 |     6 ||     7
